 Dungeon Crawl Stone Soup version 0.27.1-33-g824d729ab1 (webtiles) character file.

Game seed: 15054858488473126820

909 Nixze the Cudgeller (level 7, -4/59 HPs)
             Began as a Grey Draconian Berserker on Dec 7, 2021.
             Was a Priest of Trog.
             Slain by an acid dragon (8 damage)
             ... on level 5 of the Dungeon.
             The game lasted 00:12:49 (5086 turns).

Nixze the Cudgeller (Grey Draconian Berserker)      Turns: 5086, Time: 00:12:49

Health: -4/59      AC:  4    Str: 22    XL:     7   Next: 81%
Magic:  7/7        EV: 12    Int:  7    God:    Trog [***...]
Gold:   137        SH:  0    Dex: 10    Spells: 6/6 levels left

rFire    . . .     SeeInvis .   A - +0 whip (freeze)
rCold    . . .     Faith    .   (no shield)
rNeg     . . .     Spirit   .   (armour unavailable)
rPois    .         Reflect  .   (helmet restricted)
rElec    .         Harm     .   (no cloak)
rCorr    .         Rampage  .   x - +0 pair of gloves
Will     .....                  (no boots)
Stlth    ++........             c - amulet of the acrobat
HPRegen  0.19/turn              h - ring of flight
MPRegen  0.10/turn              (no ring)

@: corroded, on berserk cooldown, flying, slowed, very slow
A: AC +11, amphibious, unfitting armour, cold-blooded
a: Renounce Religion, Berserk, Trog's Hand


You were on level 5 of the Dungeon.
You worshipped Trog.
Trog was most pleased with you.
You visited 1 branch of the dungeon, and saw 5 of its levels.

You collected 137 gold pieces.

Inventory:

Hand Weapons
 n - a +0 morningstar
 A - a +0 whip of freezing (weapon)
Missiles
 e - 12 poisoned darts
 i - 80 stones
 p - 4 boomerangs (quivered)
 z - 3 throwing nets
Armour
 x - a +0 pair of gloves (worn)
Jewellery
 c - an amulet of the acrobat (around neck)
 h - a ring of flight (left hand)
 l - an amulet of magic regeneration
Scrolls
 a - a scroll of enchant weapon {unknown}
 d - a scroll of acquirement {unknown}
 f - 8 scrolls of identify {unknown}
 j - 2 scrolls of fog {unknown}
 k - a scroll of noise {unknown}
 q - a scroll of vulnerability {unknown}
 s - a scroll of amnesia {unknown}
 v - a scroll of teleportation {unknown}
 w - a scroll of magic mapping {unknown}
 y - a scroll of enchant armour {unknown}
Potions
 b - 3 potions of lignification {unknown}
 g - a potion of might {unknown}
 o - a potion of curing {unknown}
 t - a potion of resistance {unknown}
 u - a potion of heal wounds {unknown}


   Skills:
 - Level 4.0 Fighting
 - Level 4.0 Short Blades
 + Level 7.3 Maces & Flails
 - Level 3.0 Dodging
 - Level 3.0 Stealth


You had 6 spell levels left.
You didn't know any spells.
Your spell library was empty.

Dungeon Overview and Level Annotations

Branches:
Dungeon (5/15)
 Temple: D:4-7

Altars:


Innate Abilities, Weirdness & Mutations

Your dull iron-grey scales are very hard. (AC +11)
You are amphibious.
You cannot fit into any form of body armour.
You are cold-blooded and may be slowed by cold attacks.


Message History

The acid dragon is lightly wounded.
You hit the acid dragon. You freeze the acid dragon.
The acid dragon is moderately wounded.
The acid dragon spits acid at you. The splash of acid hits you.
The acid corrodes you!
You are splashed with acid!
You hit the acid dragon but do no damage.
The acid dragon is moderately wounded.
You closely miss the acid dragon.
You tail-slap the acid dragon, but do no damage.
The acid dragon is moderately wounded.
The acid dragon spits acid at you. The splash of acid misses you.
You hit the acid dragon but do no damage.
The acid dragon is moderately wounded.
You hit the acid dragon but do no damage.
The acid dragon is moderately wounded.
The acid dragon completely misses you. The acid dragon closely misses you.
You closely miss the acid dragon.
The acid dragon is moderately wounded.
You barely miss the acid dragon.
The acid dragon is moderately wounded.
You are no longer berserk.
You are exhausted.
You feel yourself slow down.
The acid dragon bites you but does no damage.
The acid dragon claws you.
You hit the acid dragon but do no damage.
The acid dragon is moderately wounded.
The acid dragon spits acid at you. The splash of acid hits you!
The acid corrodes you!
You are splashed with acid!
* * * LOW HITPOINT WARNING * * *
You barely miss the acid dragon.
The acid dragon is moderately wounded.
The acid dragon bites you but does no damage.
The acid dragon claws you but does no damage.
There is a stone staircase leading up here.
The acid dragon barely misses you. The acid dragon claws you.
* * * LOW HITPOINT WARNING * * *
The acid dragon bites you!
You die...

### #[.
#:# #.#
.###.###.#
.......D@#
.....#####
###


You could see an acid dragon (catching breath).

Vanquished Creatures
  Sigmund (D:3)
  Menkaure (D:4)
  An ogre (D:4)
  A phantom (D:4)
  A scorpion (D:3)
  A water moccasin skeleton (D:4)
  2 hounds (D:4)
  2 iguanas
  A bullfrog skeleton (D:4)
  2 orc wizards (D:3)
  3 gnolls (D:4)
  4 adders
  An adder skeleton (D:4)
  2 worms
  2 dart slugs
  7 orcs
  10 endoplasms
  6 giant cockroaches
  5 goblins
  5 hobgoblins
  8 jackals
  4 kobolds
  4 quokkas
  9 ball pythons
  6 bats
  4 frilled lizards
  6 rats
99 creatures vanquished.

Notes
Turn   | Place    | Note
-------+----------+-------------------------------------------
     0 | D:1      | Nixze the Draconian Berserker began the quest for the Orb.
     0 | D:1      | Reached XP level 1. HP: 19/19 MP: 1/1
   359 | D:1      | Reached XP level 2. HP: 26/26 MP: 2/2
  1282 | D:2      | Reached XP level 3. HP: 31/31 MP: 3/3
  1456 | D:2      | Reached skill level 1 in Stealth
  1522 | D:2      | Reached ** piety under Trog
  1617 | D:2      | Reached XP level 4. HP: 40/40 MP: 4/4
  1809 | D:2      | Found a faded altar of an unknown god.
  2133 | D:3      | Reached skill level 1 in Maces & Flails
  2164 | D:3      | Noticed Sigmund
  2369 | D:3      | Reached XP level 5. HP: 46/46 MP: 5/5
  2637 | D:3      | Killed Sigmund
  2638 | D:3      | Reached skill level 3 in Maces & Flails
  2638 | D:3      | Reached XP level 6. HP: 14/52 MP: 6/6
  3120 | D:4      | Reached skill level 4 in Maces & Flails
  3555 | D:3      | Reached skill level 5 in Maces & Flails
  3874 | D:4      | Your scales start taking on a dull iron-grey colour.
  3874 | D:4      | Reached XP level 7. HP: 56/59 MP: 7/7
  4140 | D:4      | Reached skill level 6 in Maces & Flails
  4267 | D:4      | Reached *** piety under Trog
  5015 | D:5      | Entered Level 5 of the Dungeon
  5015 | D:5      | Noticed Menkaure
  5027 | D:4      | Killed Menkaure
  5028 | D:4      | Reached skill level 7 in Maces & Flails
  5086 | D:5      | Slain by an acid dragon

Illustrated notes

Levels and vault maps discovered:
D:1:      heliophobic_arrival_henge, layout_basic, kennysheep_small_spiral
D:2:      layout_rooms, dilly_ecumenical_altar_fadedgnrine
D:3:      layout_basic, uniq_sigmund
D:4:      layout_layer_cave
D:5:      kennysheep_big_flooded_room, layout_loops_ring,
          nicolae_overflow_crystal_walls, uniq_menkaure

Skill      XL: |  1  2  3  4  5  6  7 |
---------------+----------------------+-----
Short Blades   | 4 |  4.0
Dodging        | 3 |  3.0
Stealth        | 1 2 3 |  3.0
Fighting       | 4 |  4.0
Maces & Flails | 1 3 5 7 |  7.3

Action                   |  1- 3 |  4- 6 |  7- 9 || total
-------------------------+-------+-------+-------++-------
Melee: Short sword       |   114 |    72 |    42 ||   228
       Tailslap          |    14 |    13 |    16 ||    43
       Dagger            |       |    50 |       ||    50
       Morningstar       |       |     8 |       ||     8
       Whip              |       |       |    39 ||    39
Throw: Dart              |    28 |    29 |       ||    57
       Stone             |    17 |     9 |       ||    26
       Boomerang         |       |       |     5 ||     5
       Throwing net      |       |       |     1 ||     1
Invok: Berserk           |       |       |     1 ||     1
 Stab: Sleeping          |       |     3 |     1 ||     4
       Distracted        |       |     1 |       ||     1
       Held in net/web   |       |       |     2 ||     2
Armor: Skin              |    22 |    32 |    27 ||    81
Dodge: Dodged            |    76 |    63 |    42 ||   181
